 Dungeon Crawl Stone Soup version 0.28.0 (webtiles) character file.

Game seed: 9192593423423520903

51 browni3141 the Skirmisher (level 3, -5/24 HPs)
             Began as a Gargoyle Berserker on Feb 16, 2022.
             Was a Believer of Trog.
             Slain by a worm (8 damage)
             ... on level 2 of the Dungeon.
             The game lasted 00:00:47 (1790 turns).

browni3141 the Skirmisher (Gargoyle Berserker)      Turns: 1790, Time: 00:00:47

Health: -5/24      AC:  5    Str: 22    XL:     3   Next: 81%
Magic:  3/3        EV: 12    Int:  7    God:    Trog [**....]
Gold:   20         SH:  0    Dex:  9    Spells: 2/2 levels left

rFire   . . .      SeeInvis .   a - +0 hand axe
rCold   . . .      Faith    .   (no shield)
rNeg    + . .      Spirit   .   b - +0 animal skin
rPois   ∞          Reflect  .   (no helmet)
rElec   +          Harm     .   (no cloak)
rCorr   .          Rampage  .   (no gloves)
Will    .....                   (no boots)
Stlth   +.........              (no amulet)
HPRegen 0.08/turn               (no ring)
MPRegen 0.08/turn               (no ring)

@: no status effects
A: sickness immunity, AC +3, negative energy resistance 1, electricity
resistance, torment resistance 1, petrification resistance
a: Renounce Religion, Berserk, Trog's Hand


You were on level 2 of the Dungeon.
You worshipped Trog.
Trog was pleased with you.
You visited 1 branch of the dungeon, and saw 2 of its levels.

You collected 20 gold pieces.

Inventory:

Hand Weapons
 a - a +0 hand axe (weapon)
Armour
 b - a +0 animal skin (worn)
Jewellery
 j - a +6 ring of intelligence
Scrolls
 d - a scroll of identify {unknown}
 g - a scroll of enchant weapon {unknown}
 h - a scroll of holy word {unknown}
Potions
 c - a potion of curing {unknown}
 e - 2 potions of magic {unknown}
 f - a potion of might {unknown}
 i - a potion of invisibility {unknown}


   Skills:
 + Level 3.7 Fighting
 + Level 3.1 Axes
 + Level 2.7 Armour
 + Level 2.0 Dodging
 * Level 1.3 Stealth


You had 2 spell levels left.
You didn't know any spells.
Your spell library was empty.

Dungeon Overview and Level Annotations

Branches:
Dungeon (2/15)

Altars:

Annotations:
D:2 Sigmund


Innate Abilities, Weirdness & Mutations

You are immune to sickness and miasma.
Your stone body is resilient. (AC +3)
You are immune to poison.
You resist negative energy. (rN+)
You are resistant to electric shocks. (rElec)
You are resistant to unholy torment.
You are immune to petrification.


Message History

A goblin is nearby!
A goblin is nearby!
Found a stone staircase leading down.
The goblin hits you but does no damage.
You hit the goblin.
The goblin is heavily wounded.
The goblin hits you but does no damage. x2
You hit the goblin.
You kill the goblin!
Trog accepts your kill.
No target in view!
j - a +6 ring of intelligence You see here a +0 club.
No target in view!
Found a stone staircase leading up.
A worm comes into view.
A worm is nearby!
A worm is nearby!
A worm is nearby!
A worm is nearby!
Sigmund the Dreaded comes into view.
He is wielding a +0 scythe.
Sigmund shouts!
Sigmund points at you and mumbles some strange words.
The puff of flame hits you. Sigmund casts a spell at you.
The puff of flame hits you!
Ouch! That really hurt!
Sigmund barely misses you. The worm bites you.
* * * LOW HITPOINT WARNING * * *
You are too injured to fight recklessly!
Sigmund closely misses you. The worm bites you.
* * * LOW HITPOINT WARNING * * *
You are too injured to fight recklessly!
Sigmund gestures wildly while chanting.
Sigmund flickers and vanishes!
Deactivating autopickup; reactivate with Ctrl-A.
You are too injured to fight recklessly!
Unknown command.
The worm bites you!
You die...

.# .# #####.###
#.......# #.......#
#.......##.
#..........
#.......#
#..@....### ##
#.{.w....... .# #.
#......#...##.###.#.
#......#.#.##.......
####.###.#.#..###...
#.# #.#..........
#.###.#......<...
#......>.........
#..##............


You could see a worm.

Vanquished Creatures
  An adder (D:2)
  2 endoplasms (D:1)
  3 giant cockroaches (D:1)
  2 goblins
  4 hobgoblins (D:1)
  8 jackals
  3 kobolds
  3 quokkas (D:1)
  4 ball pythons (D:1)
  2 bats (D:1)
  3 frilled lizards (D:1)
  A rat (D:2)
36 creatures vanquished.

Notes
Turn   | Place    | Note
-------+----------+-------------------------------------------
     0 | D:1      | browni3141 the Gargoyle Berserker began the quest for the
                  | Orb.
     0 | D:1      | Reached XP level 1. HP: 14/14 MP: 1/1
   487 | D:1      | Reached XP level 2. HP: 19/19 MP: 2/2
  1135 | D:1      | Reached XP level 3. HP: 9/23 MP: 3/3
  1610 | D:2      | Reached skill level 1 in Stealth
  1713 | D:2      | Reached ** piety under Trog
  1783 | D:2      | Noticed Sigmund
  1790 | D:2      | Slain by a worm

Illustrated notes

Levels and vault maps discovered:
D:1:      dpeg_arrival_water_fire, layout_basic
D:2:      layout_rooms, serial_shops, nicolae_shop_trees, uniq_jessica,
          uniq_sigmund

Skill      XL: |  1  2  3 |
---------------+----------+-----
Axes           | 3 |  3.1
Dodging        | 2 |  2.0
Stealth        | 1 |  1.3
Fighting       | |  3.7
Armour         | |  2.7

Action                   || total
-------------------------++-------
Melee: Hand axe          ||    84
       Punch             ||     2
Invok: Berserk           ||     1
Armor: Animal skin       ||    35
Dodge: Dodged            ||    73
